Map: Ascension to Aiur LE

Players

NightEnD

  • Race: Protoss Protoss
  • League: Grandmaster
  • Spawn Location: 11:00

ShoWTimE - Winner!

  • Race: Protoss Protoss
  • League: Grandmaster
  • Spawn Location: 5:00

Event: WESG Barcelona European Finals 2017

VOD

Have the link to the VOD?

Description

Time

  • Played on: Nov. 24, 2017, 9:11 a.m.
  • Length: 5:54

All games in this series

Show
View Real Time Build Order
Export as new Build Order

NightEnD Protoss 

Build Orders: Dark Templar Rush 

Get SALT Encoding   

  12  0:00  Probe  
  13  0:12  Probe  
  14  0:19  Pylon  
  14  0:25  Probe  
  15  0:37  Probe (Chrono Boost)  
  15  0:40  Gateway  
  16  0:47  Assimilator  
  16  0:49  Probe (Chrono Boost)  
  17  0:51  Probe  
  18  0:57  Assimilator  
  18  1:03  Probe  
  19  1:09  Gateway  
  19  1:15  Probe  
  20  1:26  Cybernetics Core  
  20  1:27  Probe  
  21  1:35  Pylon  
  21  1:39  Probe  
  22  1:52  Probe  
  23  2:02  Stalker x2  
  23  2:03  Warp Gate (Chrono Boost)  
  27  2:18  Pylon  
  27  2:36  Stalker x2  
  31  2:48  Twilight Council, Pylon  
  31  3:06  Stalker  
  31  3:07  Pylon  
  33  3:24  Dark Shrine  
  33  3:25  Gateway  
  33  3:38  Probe  
  34  3:43  Robotics Facility  
  34  4:00  Nexus  
  34  4:12  Probe  
  35  4:27  Pylon  
  35  4:36  Dark Templar x2  
  40  4:45  Probe (Chrono Boost)  
  40  4:46  Pylon  
  40  4:56  Stalker  
  40  4:57  Probe (Chrono Boost)  
  43  5:00  Probe (Chrono Boost)  
  44  5:12  Probe (Chrono Boost)  
  45  5:16  Probe (Chrono Boost)  
  43  5:24  Probe (Chrono Boost)  
  43  5:26  Stalker  
  43  5:27  Forge, Probe x2 (Chrono Boost)  
  46  5:34  Probe  
  41  5:40  Probe  
Show
View Real Time Build Order
Export as new Build Order

ShoWTimE Protoss - Winner!

Build Orders: Oracle Opening 

Get SALT Encoding   

  12  0:00  Probe  
  13  0:12  Probe  
  14  0:17  Pylon  
  14  0:24  Probe  
  15  0:36  Probe (Chrono Boost)  
  15  0:38  Gateway  
  16  0:47  Assimilator  
  16  0:49  Probe (Chrono Boost)  
  17  0:52  Probe (Chrono Boost)  
  17  0:55  Assimilator  
  18  1:03  Probe (Chrono Boost)  
  19  1:08  Gateway  
  19  1:15  Probe (Chrono Boost)  
  20  1:20  Probe (Chrono Boost)  
  21  1:25  Cybernetics Core  
  21  1:29  Probe  
  22  1:35  Pylon  
  22  1:41  Probe  
  23  1:54  Probe  
  24  2:02  Adept x2, Warp Gate  
  28  2:10  Pylon  
  28  2:18  Stargate  
  28  2:20  Probe  
  29  2:29  Stalker  
  31  2:36  Stalker  
  33  2:38  Probe  
  34  2:46  Pylon  
  34  2:50  Probe  
  35  3:00  Oracle (Chrono Boost)  
  35  3:04  Probe  
  39  3:26  Nexus  
  39  3:30  Probe  
  40  3:36  Oracle  
  44  3:55  Shield Battery  
  43  3:56  Shield Battery  
  43  3:58  Pylon  
  43  4:03  Robotics Facility  
  43  4:08  Sentry  
  45  4:10  Probe  
  46  4:22  Probe  
  47  4:29  Shield Battery  
  47  4:30  Shield Battery  
  47  4:31  Shield Battery  
  47  4:34  Probe (Chrono Boost)  
  50  4:46  Probe (Chrono Boost)  
  50  4:51  Observer, Probe (Chrono Boost), Sentry  
  50  4:52  Sentry  
  55  4:53  Probe x2 (Chrono Boost)  
  55  4:59  Forge  
  57  5:05  Probe x2 (Chrono Boost)  
  57  5:06  Probe  
  58  5:08  Probe  
  58  5:12  Observer  
  56  5:20  Probe (Chrono Boost)  
  58  5:26  Probe (Chrono Boost)  
  59  5:32  Probe (Chrono Boost)  
  59  5:33  Probe (Chrono Boost)  
  59  5:34  Probe  
  58  5:44  Shield Battery  
Tags
 
Add a new tag
Caveats
  • Supply blocks, unpowered buildings, or Contaminate may cause inaccurate times.
  • Supply counts are checked every 10 seconds.